 Dungeon Crawl Stone Soup version 0.22.1-5-g62c59d919a (webtiles) character file.

688 Jerry the Cudgeler (level 7, -4/55 HPs)
             Began as a Demonspawn Fighter on Jan 11, 2019.
             Slain by a flying skull (6 damage)
             ... on level 2 of the Abyss.
             The game lasted 00:14:19 (5916 turns).

Jerry the Cudgeler (Demonspawn Fighter)             Turns: 5916, Time: 00:14:20

Health: -4/55      AC:  9    Str: 18    XL:     7   Next: 36%
Magic:  7/7        EV:  9    Int: 10    God:
Gold:   105        SH:  0    Dex: 12    Spells: 6/6 levels left

rFire    . . .     SeeInvis .   a - +0 flail
rCold    . . .     Gourm    .   (no shield)
rNeg     . . .     Faith    .   b - +0 scale mail
rPois    .         Spirit   .   h - +0 helmet
rElec    .         Reflect  .   (no cloak)
rCorr    .         Harm     .   (no gloves)
MR       .....                  e - +0 pair of boots
Stlth    ++........             (no amulet)
HPRegen  0.18/turn              (no ring)
MPRegen  0.10/turn              (no ring)

@: no status effects
A: hooves 1, nightstalker 2, powered by pain 1
a: no special abilities


You were on level 2 of the Abyss.
You were hungry.

You visited 1 branch of the dungeon, and saw 3 of its levels.
You visited the Abyss 1 time.

You collected 105 gold pieces.

Inventory:

Hand Weapons
 a - a +0 flail (weapon)
Armour
 b - a +0 scale mail (worn)
 c - a +0 shield
 e - a +0 pair of boots (worn)
 h - a +0 helmet (worn)
Wands
 o - a wand of enslavement (15)
 p - a wand of iceblast (11)
Scrolls
 g - 4 scrolls of remove curse {unknown}
 k - a scroll of random uselessness {unknown}
 l - 4 scrolls of identify {unknown}
 m - 2 scrolls of fog {unknown}
 s - a scroll of teleportation {unknown}
Potions
 d - 2 potions of might
 i - 2 potions of invisibility {unknown}
 j - a potion of agility {unknown}
 n - a potion of resistance
 q - a potion of lignification {unknown}
 r - a potion of berserk rage {unknown}
Comestibles
 f - 4 rations


   Skills:
 + Level 4.9 Fighting
 * Level 5.5 Maces & Flails
 + Level 4.5 Armour
 - Level 2.6 Shields


You had 6 spell levels left.
You didn't know any spells.
Your spell library was empty.

Dungeon Overview and Level Annotations

Branches:
Dungeon (3/15)

Altars:
The Shining One


Innate Abilities, Weirdness & Mutations

You have large cloven feet.
You are significantly more attuned to the shadows.
You sometimes gain a little power by taking damage.


Message History

The flying skull hits you. The large abomination hits you!
The flying skull hits you! x2
* * * LOW HITPOINT WARNING * * *
You barely miss the flying skull.
The flying skull is heavily damaged.
The flying skull closely misses you. x2; The large abomination misses you.
The flying skull hits you but does no damage.
You closely miss the flying skull.
The flying skull is heavily damaged.
The flying skull hits you!
* * * LOW HITPOINT WARNING * * *
The flying skull barely misses you.
The large abomination barely misses you.
The flying skull hits you but does no damage.
You sock the flying skull!
The flying skull is almost destroyed.
The flying skull hits you.
* * * LOW HITPOINT WARNING * * *
The flying skull barely misses you. The flying skull hits you.
You die...

.#. . . . # . # ..
. . #. .#.# #
..... z #. .#.#.
..###. .. . ...#.
#.#.# .. .##
....z##.#.###....#
.#..z@.......##. #
....X...#.##...#
....###.# ## ## ##
.... .# ##.#. .#
#... #.#....# . #
... ## .#.... .#
##.#...## # ###.#.
# ####.#


You could see a large abomination and 2 flying skulls.

Vanquished Creatures
  Grinder (D:3)
  A gnoll shaman (D:3)
  Ijyb (D:3)
  4 adders
  27 gnolls
  A shadow imp (Abyss:2)
  4 worms (D:2)
  A dart slug (D:1)
  2 leopard geckos (D:1)
  8 bats
  3 giant cockroaches
  15 goblins
  4 hobgoblins
  20 jackals
  A quokka (D:2)
  7 frilled lizards
  12 kobolds
  5 rats
117 creatures vanquished.

Vanquished Creatures (collateral kills)
  4 gnolls (D:3)
  2 goblins (D:3)
  A hobgoblin (D:3)
7 creatures vanquished.

Grand Total: 124 creatures vanquished

Notes
Turn   | Place    | Note
-------+----------+-------------------------------------------
     0 | D:1      | Jerry the Demonspawn Fighter began the quest for the Orb.
     0 | D:1      | Reached XP level 1. HP: 18/18 MP: 1/1
    31 | D:1      | Reached skill level 2 in Maces & Flails
   180 | D:1      | Gained mutation: You sometimes gain a little power by
                  | taking damage. [demonic ancestry]
   180 | D:1      | Reached XP level 2. HP: 22/24 MP: 2/2
   405 | D:1      | Gained mutation: You are slightly more attuned to the
                  | shadows. [demonic ancestry]
   405 | D:1      | Reached XP level 3. HP: 29/29 MP: 3/3
   930 | D:2      | Found a glowing golden altar of the Shining One.
  1682 | D:2      | HP: 1/29 [adder (2)]
  1686 | D:2      | Reached skill level 3 in Maces & Flails
  2033 | D:2      | Gained mutation: You have large cloven feet. [demonic
                  | ancestry]
  2033 | D:2      | Reached XP level 4. HP: 28/35 MP: 4/4
  2752 | D:3      | Noticed Grinder
  2768 | D:3      | Paralysed by Grinder for 6 turns
  2778 | D:3      | Killed Grinder
  2778 | D:3      | Reached skill level 4 in Maces & Flails
  2778 | D:3      | Reached XP level 5. HP: 28/42 MP: 5/5
  2778 | D:3      | Reached XP level 6. HP: 32/48 MP: 6/6
  3138 | D:3      | Noticed Ijyb
  3185 | D:3      | Killed Ijyb
  4380 | D:3      | Reached skill level 5 in Maces & Flails
  4813 | D:3      | Gained mutation: You are significantly more attuned to the
                  | shadows. [demonic ancestry]
  4813 | D:3      | Reached XP level 7. HP: 53/55 MP: 7/7
  5674 | D:3      | Cast into level 2 of the Abyss (gnoll sergeant)
  5741 | Abyss:2  | Noticed a spatial vortex
  5823 | Abyss:2  | Noticed a worldbinder
  5893 | Abyss:2  | Noticed a large abomination
  5905 | Abyss:2  | Noticed a flying skull
  5906 | Abyss:2  | Noticed a flying skull
  5907 | Abyss:2  | Noticed a large abomination
  5908 | Abyss:2  | Noticed a flying skull
  5916 | Abyss:2  | HP: 2/55 [flying skull (4)]
  5916 | Abyss:2  | Slain by a flying skull

Skill      XL: |  1  2  3  4  5  6 |
---------------+-------------------+-----
Maces & Flails | 2 3 4 5 |  5.5
Armour         | 3 4 |  4.5
Fighting       | 4 |  4.9
Shields        | |  2.6

Action                   |  1- 3 |  4- 6 |  7- 9 || total
-------------------------+-------+-------+-------++-------
Melee: Flail             |   185 |   264 |   100 ||   549
Evoke: Wand              |       |       |     5 ||     5
  Use: Potion            |     3 |     1 |       ||     4
 Stab: Distracted        |       |       |     1 ||     1
  Eat: Chunk             |     3 |    10 |     3 ||    16
Armor: Scale mail        |   124 |   128 |    36 ||   288
Dodge: Dodged            |   104 |   169 |    51 ||   324
Block: Shield            |     1 |       |       ||     1
